 Dungeon Crawl Stone Soup version 0.25-a0-201-g0bb11aece9 (webtiles) character file.

Game seed: 14474701774824263430, levelgen mode: deterministic

2188 floatRand the Demonic Disaster (level 9, -4/64 HPs)
             Began as a Demonspawn Fighter on Dec 2, 2019.
             Was a Believer of Qazlal.
             Slain by an orc warrior
             ... wielding a +0 glaive
              (16 damage)
             ... on level 8 of the Dungeon.
             The game lasted 00:09:52 (6970 turns).

floatRand the Demonic Disaster (Demonspawn Fighter) Turns: 6970, Time: 00:09:52

Health: -4/64      AC:  8    Str: 17    XL:     9   Next: 12%
Magic:  0/16       EV:  7    Int:  9    God:    Qazlal [**....]
Gold:   334        SH: 15    Dex: 18    Spells: 8/8 levels left

rFire    + . .     SeeInvis .   y - +1 dagger (venom)
rCold    + . .     Gourm    .   G - +2 shield
rNeg     . . .     Faith    .   b - +0 scale mail
rPois    +         Spirit   +   (no helmet)
rElec    .         Reflect  .   A - scarf {rC+ rF+}
rCorr    .         Harm     .   q - +0 pair of gloves
MR       .....                  (boots unavailable)
Stlth    ..........             (no amulet)
HPRegen  0.20/turn              v - +2 ring of dexterity
MPRegen  0.30/turn              w - ring of poison resistance

@: no status effects
A: talons 3, rugged brown scales 1, magic shield, magic regeneration, rot
immunity
a: Upheaval, Renounce Religion


You were on level 8 of the Dungeon.
You worshipped Qazlal.
Qazlal was pleased with you.
You were not hungry.

You visited 2 branches of the dungeon, and saw 9 of its levels.

You collected 334 gold pieces.

Inventory:

Hand Weapons
 a - a +0 long sword
 n - a +3 dagger of electrocution
 y - a +1 dagger of venom (weapon)
Armour
 b - a +0 scale mail (worn)
 q - a +0 pair of gloves (worn)
 z - a +2 pair of boots
 A - a scarf of resistance (worn)
 G - a +2 shield (worn)
Jewellery
 k - a +6 ring of intelligence
 v - a +2 ring of dexterity (left hand)
 w - a ring of poison resistance (right hand)
Wands
 m - a wand of digging (1)
 C - a wand of polymorph (2)
Scrolls
 c - a scroll of blinking
 h - 5 scrolls of identify
 i - a scroll of amnesia
 j - 3 scrolls of teleportation
 l - 5 scrolls of enchant armour
 o - a scroll of fog
 s - 5 scrolls of remove curse
 B - a scroll of vulnerability {unknown}
Potions
 d - a potion of might
 e - 9 potions of lignification
 p - a potion of brilliance {unknown}
 r - 3 potions of curing
 t - a potion of heal wounds
 u - a potion of resistance {unknown}
 x - 4 potions of haste
 D - 3 potions of agility
 E - a potion of cancellation {unknown}
Comestibles
 f - 12 rations


   Skills:
 - Level 3.0 Fighting
 + Level 6.2 Long Blades
 - Level 2.6 Armour
 + Level 6.6 Shields
 * Level 9.9 Invocations


You had 8 spell levels left.
You didn't know any spells.
Your spell library contained the following spells:

 Spells                   Type           Power        Failure   Level  Hunger
 Ensorcelled Hibernation  Hex/Ice        #.....       99%         2    ###....
 Borgnjor's Vile Clutch   Necr/Erth      #.........   100%        5    ######.
 Silence                  Hex/Air        #.........   100%        5    ######.
 Darkness                 Hex            #.........   100%        6    #######
 Shadow Creatures         Summ           N/A          100%        6    #######


Dungeon Overview and Level Annotations

Branches:
Dungeon (8/15)             Temple (1/1) D:4
   Lair: D:8-11

Altars:
Ashenzari
Cheibriados
Dithmenos
Elyvilon
Fedhas
Gozag
Kikubaaqudgha
Makhleb
Nemelex Xobeh
Okawaru
Qazlal
Ru
Trog
Uskayaw
Vehumet
Xom
Yredelemnul
Zin
The Shining One

Annotations:
D:6 1 runed translucent door, Crazy Yiuf


Innate Abilities, Weirdness & Mutations

You have claws for feet.
You are partially covered in rugged brown scales. (AC +1, +3% HP)
When hurt, damage is shared between your health and your magic reserves.
You regenerate magic rapidly.
You are immune to rotting.


Message History

You are too injured to fight recklessly!
You are too injured to fight recklessly!
Unknown command.
You hit the orc warrior but do no damage.
The orc warrior is almost dead.
The orc priest mumbles some strange prayers to Beogh against you.
Beogh smites you!
The orc warrior hits you with a +0 glaive!
* * * LOW HITPOINT WARNING * * *
You are too injured to fight recklessly!
You closely miss the orc warrior.
You claw the orc warrior, but do no damage.
The orc warrior is almost dead.
You are too injured to fight recklessly!
Unknown command.
You hit the orc warrior but do no damage.
You claw the orc warrior, but do no damage.
The orc warrior is almost dead.
The orc warrior hits you with a +0 glaive!!
You die...

####.. ##.o.g.
##############..###.
##....g..g...(..####.
#..############## #.o #######..#
#.## #.# .......h.####.# ######.#
........h##...############.......
............#.oo@))).......####.#
..............############## #o#
.<.......###### ##)#
.Za..........# ###.)#
......<.o....# #.....
#######.o....# .(...#.## ......#
######.#. #.?$..# ..#. .##y..
####.


You could see an orc warrior and an orc priest.

Vanquished Creatures
  2 orc warriors (D:6)
  An ice beast (D:6)
  A phantom (D:7)
  An ogre (D:4)
  A centaur (D:6)
  Blork the orc (D:4)
  2 gnoll sergeants
  11 killer bees (D:8)
  A wight (D:8)
  4 howler monkeys
  A quasit (D:5)
  3 hounds
  4 orc wizards
  5 orc priests
  A bullfrog skeleton (D:6)
  4 worker ants
  A howler monkey zombie (D:6)
  2 worker ant zombies
  6 adders
  7 gnolls
  A shadow imp (D:5)
  An ooze (D:4)
  2 adder skeletons (D:6)
  2 adder zombies
  3 worms
  2 dart slugs
  6 leopard geckos
  12 orcs
  3 ball pythons
  7 giant cockroaches
  6 goblins
  4 hobgoblins
  6 jackals
  2 quokkas
  7 bats
  6 frilled lizards
  7 kobolds
  A leopard gecko skeleton (D:4)
  A quokka skeleton (D:4)
  10 rats
148 creatures vanquished.

Notes
Turn   | Place    | Note
-------+----------+-------------------------------------------
     0 | D:1      | floatRand the Demonspawn Fighter began the quest for the
                  | Orb.
     0 | D:1      | Reached XP level 1. HP: 18/18 MP: 1/1
   115 | D:1      | Gained mutation: You are immune to rotting. [demonic
                  | ancestry]
   115 | D:1      | Reached XP level 2. HP: 17/24 MP: 2/2
   542 | D:1      | Gained mutation: When hurt, damage is shared between your
                  | health and your magic reserves. [demonic ancestry]
   542 | D:1      | Reached XP level 3. HP: 27/29 MP: 3/3
   905 | D:2      | Noticed a +0 hand axe
   906 | D:2      | Found a hide-covered altar of Uskayaw.
   906 | D:2      | Noticed a +0 dagger
  1435 | D:3      | Gained mutation: You regenerate magic rapidly. [demonic
                  | ancestry]
  1435 | D:3      | Reached XP level 4. HP: 34/35 MP: 2/4
  1943 | D:3      | Found a blossoming altar of Fedhas.
  2083 | D:4      | Gained mutation: You have sharp toenails. [demonic
                  | ancestry]
  2083 | D:4      | Reached XP level 5. HP: 18/41 MP: 5/5
  2109 | D:3      | HP: 2/41 [poisoned by a worker ant]
  2418 | D:4      | Found a staircase to the Ecumenical Temple.
  2459 | Temple   | Entered the Ecumenical Temple
  2589 | Temple   | Became a worshipper of Qazlal Stormbringer
  2730 | D:4      | Found a blossoming altar of Fedhas.
  2735 | D:4      | Noticed an ogre
  2739 | D:4      | Noticed Blork the orc
  2758 | D:4      | Killed an ogre
  2758 | D:4      | Reached skill level 2 in Invocations
  2758 | D:4      | Gained mutation: You are partially covered in rugged brown
                  | scales. (AC +1, +3% HP) [demonic ancestry]
  2758 | D:4      | Reached XP level 6. HP: 23/48 MP: 4/7
  2771 | D:4      | Killed Blork the orc
  2771 | D:4      | Reached skill level 3 in Invocations
  3130 | D:4      | Found a glowing golden altar of the Shining One.
  3132 | D:4      | Noticed an angel
  3211 | D:4      | Found a shattered altar of Ashenzari.
  3211 | D:4      | Found a white marble altar of Elyvilon.
  3260 | D:4      | Found a basalt altar of Yredelemnul.
  3367 | D:5      | Entered Level 5 of the Dungeon
  3451 | D:5      | Found a burning altar of Makhleb.
  3478 | D:5      | Reached skill level 4 in Invocations
  3831 | D:6      | Noticed an orc warrior
  3978 | D:6      | Gained mutation: You have razor-sharp toenails. [demonic
                  | ancestry]
  3978 | D:6      | Reached XP level 7. HP: 52/53 MP: 10/10
  4033 | D:6      | Reached skill level 5 in Shields
  4033 | D:6      | Reached skill level 5 in Invocations
  4464 | D:6      | Reached * piety under Qazlal
  4473 | D:6      | Reached skill level 6 in Invocations
  4755 | D:6      | Reached skill level 5 in Long Blades
  4761 | D:6      | Reached XP level 8. HP: 30/59 MP: 9/13
  4765 | D:6      | HP: 1/59 [orc warrior/cursed -3 flail (9)]
  4767 | D:6      | Reached skill level 7 in Invocations
  5403 | D:6      | Found a runed translucent door.
  5404 | D:6      | Noticed Crazy Yiuf
  5658 | D:7      | Reached skill level 8 in Invocations
  5702 | D:7      | Reached ** piety under Qazlal
  6442 | D:8      | Reached skill level 9 in Invocations
  6728 | D:8      | Gained mutation: You have claws for feet. [demonic
                  | ancestry]
  6728 | D:8      | Reached XP level 9. HP: 29/64 MP: 13/16
  6970 | D:8      | Slain by an orc warrior

Levels and vault maps discovered:
D:1:      wander_arrival_peaceful_grave, layout_loops_cross, minmay_heptomino_d4
D:2:      layout_basic, dancing_weapons_uskayaw, first_ration
D:3:      layout_basic, nicolae_overflow_hidden_temple,
          kennysheep_generic_room_12
D:4:      layout_rooms, grunt_temple_overflow_holy_war,
          gammafunk_temple_overflow_wave, minmay_temple_entry_mist,
          fedhas_altar_3, uniq_blork_the_orc
D:5:      layout_cave_pools, lemuel_round_altar
D:6:      layout_loops_cross, uniq_crazy_yiuf_cottage
D:7:      layout_loops_ring
D:8:      layout_rooms
Temple:   hc_temple_tempest_star

Skill      XL: |  1  2  3  4  5  6  7  8 |
---------------+-------------------------+-----
Long Blades    | 2 3 4 5 6 |  6.2
Shields        | 3 4 5 6 |  6.6
Invocations    | 2 4 6 9 |  9.9
Fighting       | |  3.0
Armour         | |  2.6

Action                   |  1- 3 |  4- 6 |  7- 9 || total
-------------------------+-------+-------+-------++-------
Melee: Long sword        |    77 |       |       ||    77
       Dagger            |    65 |   162 |   379 ||   606
       Kick              |       |    11 |    17 ||    28
Evoke: Wand              |       |       |     4 ||     4
  Use: Scroll            |       |       |    16 ||    16
       Potion            |       |       |     2 ||     2
  Eat: Chunk             |     2 |     8 |    10 ||    20
Armor: Scale mail        |    71 |    71 |   110 ||   252
Dodge: Dodged            |    41 |    49 |    79 ||   169
Block: Shield            |    84 |    63 |   289 ||   436
       Rpst.: Long sword |     9 |       |       ||     9

Table legend:
 A = Non-vault XP
 B = Vault XP
 C = Vault XP percentage of total XP
 D = Non-vault monster count
 E = Vault monster count
 F = Vault count percentage of total count
                 A         B        C        D         E       F
            +---------+---------+-------+---------+---------+-------
      Total |    3017 |     109 |   3.5 |     141 |       7 |   4.7
            +---------+---------+-------+---------+---------+-------
        D:1 |      39 |       7 |  15.2 |      22 |       4 |  15.4
        D:2 |      28 |       0 |   0.0 |      12 |       0 |   0.0
        D:3 |      95 |       3 |   3.1 |      18 |       2 |  10.0
        D:4 |     281 |      99 |  26.1 |      13 |       1 |   7.1
        D:5 |     206 |       0 |   0.0 |       8 |       0 |   0.0
        D:6 |    1010 |       0 |   0.0 |      31 |       0 |   0.0
        D:7 |     432 |       0 |   0.0 |      18 |       0 |   0.0
        D:8 |     926 |       0 |   0.0 |      19 |       0 |   0.0
            +---------+---------+-------+---------+---------+-------
